 Dungeon Crawl Stone Soup version 0.17.1-3-g152610e (webtiles) character file.

244 Alakolaz the Covert (level 5, -7/27 HPs)
             Began as a Spriggan Assassin on Mar 1, 2016.
             Was a Follower of Dithmenos.
             Killed from afar by gabygaby's ghost (19 damage)
             ... with a flame tongue
             ... on level 3 of the Dungeon.
             The game lasted 00:09:35 (2205 turns).

Alakolaz the Covert (Spriggan Assassin)             Turns: 2205, Time: 00:09:36

Health: -7/27      AC:  3    Str:  7    XL:     5   Next: 83%
Magic:  6/6        EV: 21    Int: 12    God:    Dithmenos [*.....]
Gold:   83         SH:  0    Dex: 19    Spells: 0 memorised, 4 levels left

rFire  . . .     SeeInvis +     a - +2 dagger
rCold  . . .     Clarity  .     c - +0 robe
rNeg   . . .     SustAt   .     (shield restricted)
rPois  .         Gourm    .     (helmet restricted)
rElec  .         Spirit   .     d - +0 cloak
rCorr  .         Warding  .     (gloves unavailable)
rMut   .         Stasis   .     (boots unavailable)
MR     .....                    (no amulet)
Stlth  +++++.....               (no ring)
                                k - ring of flight

@: wreathed by umbra, very quick, not resistant to hostile enchantments, quite
stealthy
A: unfitting armour, see invisible, herbivore 3, speed 3, slow metabolism 2
a: Renounce Religion, Evoke Flight


You were on level 3 of the Dungeon.
You worshipped Dithmenos.
Dithmenos was aware of your devotion.
You were not hungry.

You visited 2 branches of the dungeon, and saw 5 of its levels.

You collected 83 gold pieces.

Inventory:

Hand Weapons
 a - a +2 dagger (weapon)
 b - a +0 blowgun
Missiles
 e - a poisoned needle
 f - 2 curare-tipped needles
Armour
 c - a +0 robe (worn)
 d - a +0 cloak (worn)
Jewellery
 k - a ring of flight (left hand)
Scrolls
 h - a scroll of remove curse {unknown}
 j - a scroll of teleportation {unknown}
 l - 2 scrolls of identify {unknown}
 m - a scroll of noise {unknown}
 n - a scroll of amnesia {unknown}
Potions
 i - 2 potions of flight {unknown}
Comestibles
 g - a bread ration
 o - a fruit


   Skills:
 * Level 2.4 Fighting
 * Level 3.2 Short Blades
 - Level 2.0 Throwing
 * Level 4.8 Dodging
 + Level 8.1 Stealth


You had 4 spell levels left.
You didn't know any spells.

Dungeon Overview and Level Annotations

Branches:
Dungeon (4/15)             Temple (1/1) D:4

Altars:
Ashenzari
Cheibriados
Dithmenos
Elyvilon
Fedhas
Gozag
Kikubaaqudgha
Makhleb
Nemelex Xobeh
Qazlal
Sif Muna
Trog
Vehumet
Xom
Yredelemnul
Zin
The Shining One

Annotations:
D:3 gabygaby's ghost, amateur HOFE


Innate Abilities, Weirdness & Mutations

You are tiny and cannot use many weapons and most armour.
You have supernaturally acute eyesight.
You are a herbivore.
You cover ground extremely quickly.
You need consume almost no food.


Message History

Gabygaby's ghost hits you.
You hit gabygaby's ghost.
Gabygaby's ghost is lightly damaged.
You miss gabygaby's ghost.
Gabygaby's ghost is lightly damaged.
Gabygaby's ghost says, "Don't worry, you'll be warm in a moment."
Gabygaby's ghost barely misses you.
You closely miss gabygaby's ghost.
Gabygaby's ghost is lightly damaged.
Gabygaby's ghost says, "I love the smell of burning flesh."
Gabygaby's ghost barely misses you.
You hit gabygaby's ghost.
Gabygaby's ghost is lightly damaged.
Gabygaby's ghost hits you.
You hit gabygaby's ghost.
Gabygaby's ghost is lightly damaged.
Gabygaby's ghost gestures at you while chanting.
The flame tongue hits you!
Ouch! That really hurt!
You die...

#.#........#
#.#######'## #.##
#.# #..# #.# #..##
#.# #.... #.<.# #.#
.... #.#.## #.#
#... #.#..# #.# [..
#...@## #(#
#.##########W.# #.#
#.........##..# #.#
#.........##..###.#
#(........##(..##.#
#.........##(#.##.#
#.........##(#..#.#
#......%..##(##.#.#
#.........##(##.#.#


You could see gabygaby's ghost.

Vanquished Creatures
  A giant frog (D:3)
  A scorpion (D:4)
  A hound (D:4)
  Jessica (D:3)
  A gnoll (D:4)
  2 adders
  2 worms (D:3)
  4 orcs (D:3)
  4 giant cockroaches
  3 goblins
  3 hobgoblins
  4 bats
  A giant gecko (D:3)
  A giant newt (D:3)
  6 jackals
  2 kobolds
  4 rats
41 creatures vanquished.

Vanquished Creatures (others)
  A bat (D:3)
1 creature vanquished.

Grand Total: 42 creatures vanquished

Notes
Turn   | Place    | Note
--------------------------------------------------------------
     0 | D:1      | Alakolaz the Spriggan Assassin began the quest for the Orb.
     0 | D:1      | Reached XP level 1. HP: 10/10 MP: 2/2
    35 | D:1      | Reached skill level 6 in Stealth
   295 | D:1      | Reached XP level 2. HP: 15/15 MP: 3/3
   687 | D:2      | You fall through a shaft for 2 floors!
   687 | D:4      | Found a staircase to the Ecumenical Temple.
   690 | D:4      | Reached skill level 7 in Stealth
   690 | D:4      | Reached XP level 3. HP: 18/18 MP: 4/4
   881 | D:4      | Found a shattered altar of Ashenzari.
   882 | D:4      | Noticed a scorpion
   888 | D:4      | Killed a scorpion
   888 | D:4      | Reached XP level 4. HP: 23/23 MP: 5/5
   922 | Temple   | Entered the Ecumenical Temple
  1119 | Temple   | Became a worshipper of Dithmenos the Shadowed
  1604 | D:3      | Noticed Jessica
  1807 | D:3      | Reached XP level 5. HP: 26/26 MP: 6/6
  1818 | D:3      | Noticed a giant frog
  1822 | D:3      | Killed a giant frog
  1822 | D:3      | Reached skill level 8 in Stealth
  2043 | D:3      | Killed Jessica
  2043 | D:3      | Reached * piety under Dithmenos
  2049 | D:3      | Found a deep blue altar of Sif Muna.
  2154 | D:3      | Noticed gabygaby's ghost (amateur HOFE)
  2205 | D:3      | Killed from afar by gabygaby's ghost

Action                   |  1- 3 |  4- 6 || total
-------------------------+-------+-------++-------
Melee: Dagger            |    55 |   104 ||   159
 Fire: Blowgun           |       |     7 ||     7
 Stab: Sleeping          |     8 |     4 ||    12
       Distracted        |     1 |     1 ||     2
